 Dungeon Crawl Stone Soup version 0.20.1-1-g8b1a95d (webtiles) character file.

121 McKennaii the Caller (level 4, -20/24 HPs)
             Began as a Deep Elf Summoner on July 30, 2017.
             Demolished by an ogre
             ... wielding a +0 giant spiked club
              (31 damage)
             ... on level 4 of the Dungeon.
             The game lasted 00:13:30 (3603 turns).

McKennaii the Caller (Deep Elf Summoner)            Turns: 3603, Time: 00:13:32

Health: -20/24     AC:  2    Str:  5    XL:     4   Next: 76%
Magic:  8/13       EV: 13    Int: 21    God:
Gold:   177        SH:  5    Dex: 15    Spells: 4/13 levels left

rFire    . . .     SeeInvis .   (no weapon)
rCold    . . .     Gourm    .   (no shield)
rNeg     . . .     Faith    .   a - +0 robe
rPois    .         Spirit   .   (no helmet)
rElec    .         Reflect  +   (no cloak)
rCorr    .         Harm     .   (no gloves)
MR       .....                  (no boots)
Stlth    ++........             l - +5 amulet of reflection
Regen    0.1/turn               (no ring)
MPRegen  0.2/turn               (no ring)

@: no status effects
A: no striking features
a: no special abilities


You were on level 4 of the Dungeon.
You were very hungry.

You visited 1 branch of the dungeon, and saw 4 of its levels.

You collected 177 gold pieces.

Inventory:

Armour
 a - a +0 robe (worn)
Jewellery
 l - a +5 amulet of reflection (around neck)
 o - an uncursed ring of flight {unknown}
Scrolls
 e - 6 scrolls of identify
 g - 2 scrolls of remove curse {unknown}
 j - a scroll of enchant armour {unknown}
 k - a scroll of teleportation {unknown}
Potions
 f - a potion of invisibility {unknown}
 i - 3 potions of heal wounds {unknown}
 m - a potion of mutation {unknown}
Books
 b - a book of Callings

   Spells                             Type                      Level
   a - Summon Small Mammal            Summoning                    1
   b - Call Imp                       Summoning                    2
   c - Call Canine Familiar           Summoning                    3
   d - Summon Guardian Golem          Hexes/Summoning              3
   e - Summon Lightning Spire         Summoning/Air                4
   f - Summon Ice Beast               Ice/Summoning                4
 h - a book of Misfortune

   Spells                             Type                      Level
   a - Confusing Touch                Hexes                        1
   b - Confuse                        Hexes                        3
   c - Gell's Gravitas                Translocation                3
   d - Petrify                        Transmutation/Earth          4
   e - Metabolic Englaciation         Hexes/Ice                    5
   f - Yara's Violent Unravelling     Hexes/Transmutation          5
Comestibles
 c - 3 bread rations
 d - 2 royal jellies


   Skills:
 + Level 0.1 Fighting
 + Level 3.0 Dodging
 + Level 2.7 Stealth
 + Level 5.0 Spellcasting
 + Level 0.6 Hexes
 + Level 5.3 Summonings


You had 4 spell levels left.
You knew the following spells:

 Your Spells              Type           Power        Failure   Level  Hunger
a - Summon Small Mammal   Summ           ####         1%          1    None
b - Call Imp              Summ           ####....     1%          2    None
c - Confuse               Hex            #.......     24%         3    ##.....
d - Summon Guardian Gole  Hex/Summ       ###.....     10%         3    ##.....


Dungeon Overview and Level Annotations

Branches:
Dungeon (4/15)
 Temple: D:4-7

Altars:
Hepliaklqana


Message History

A leopard gecko and a howler monkey come into view.
The howler monkey closely misses you.
The ogre hits you with a giant spiked club!
Ouch! That really hurt!
You swap places.
You block the howler monkey's attack.
Your crimson imp closely misses the leopard gecko.
The leopard gecko barely misses your crimson imp.
The howler monkey misses your crimson imp.
Your crimson imp hits the leopard gecko.
The leopard gecko barely misses your crimson imp.
The howler monkey barely misses your crimson imp.
Your crimson imp closely misses the leopard gecko.
The leopard gecko closely misses your crimson imp.
Casting: Call Imp
Confirm with . or Enter, or press ? or * to list all spells.
A beastly little devil appears in a puff of flame.
The howler monkey hoots and howls with incredible vigour!
The ogre hits you with a giant spiked club!!
Ouch! That really hurt!
You die...

### ..# #.#
#######.#######
#<5.@O.5l..<...
#.#####h###...#
#.# .... . #.#
#..### #.# ....
#.# ##..# #.#
#..# #.# #...


You could see an ogre, a howler monkey, a leopard gecko and 2 friendly crimson
imps.

Vanquished Creatures
  A rat (D:1)
1 creature vanquished.

Vanquished Creatures (collateral kills)
  Terence (D:2)
  7 adders
  2 oozes (D:2)
  4 worms
  3 dart slugs
  3 leopard geckos
  7 orcs (D:3)
  A ball python (D:3)
  11 bats
  2 giant cockroaches
  11 hobgoblins
  A quokka (D:2)
  7 frilled lizards
  7 goblins
  8 kobolds
  6 rats
81 creatures vanquished.

Grand Total: 82 creatures vanquished

Notes
Turn   | Place    | Note
-------+----------+-------------------------------------------
     0 | D:1      | McKennaii the Deep Elf Summoner began the quest for the Orb.
     0 | D:1      | Reached XP level 1. HP: 10/10 MP: 6/6
   148 | D:1      | Reached XP level 2. HP: 5/15 MP: 0/8
   348 | D:1      | Learned a level 2 spell: Call Imp
  1380 | D:2      | Reached XP level 3. HP: 19/19 MP: 7/10
  1408 | D:2      | Learned a level 3 spell: Confuse
  1412 | D:2      | Learned a level 3 spell: Summon Guardian Golem
  1626 | D:2      | Found a hazy altar of Hepliaklqana.
  1982 | D:2      | Noticed Terence
  2085 | D:2      | Killed Terence
  2085 | D:2      | Reached skill level 5 in Summonings
  2320 | D:3      | Reached XP level 4. HP: 24/24 MP: 10/12
  2929 | D:3      | Reached skill level 5 in Spellcasting
  3598 | D:4      | Noticed an ogre
  3603 | D:4      | Demolished by an ogre

Skill      XL: |  1  2  3  4 |
---------------+-------------+-----
Spellcasting   | 4 5 |  5.0
Summonings     | 5 |  5.3
Dodging        | 3 |  3.0
Fighting       | |  0.1
Stealth        | |  2.7
Hexes          | |  0.6

Action                   |  1- 3 |  4- 6 || total
-------------------------+-------+-------++-------
Melee: Unarmed           |    32 |    29 ||    61
 Cast: Summon Small Mamm |    22 |       ||    22
       Call Imp          |    29 |    24 ||    53
       Summon Guardian G |     3 |       ||     3
       Confuse           |     2 |       ||     2
  Use: Scroll            |       |     1 ||     1
  Eat: Chunk             |     5 |     3 ||     8
Armor: Robe              |    14 |     2 ||    16
Dodge: Dodged            |    36 |    19 ||    55
Block: Other             |       |     7 ||     7
